 Dungeon Crawl Stone Soup version 0.30-a0-719-gcc4359ea44 (webtiles) character file.

Game seed: 3082679490619462103

68240 Monkooky the Bewitcher (level 14, -9/52 HPs)
             Began as a Felid Conjurer on Jan 10, 2023.
             Was an Initiate of Gozag.
             Hit by a silver javelin thrown by a merfolk javelineer (12 damage)
             ... on level 4 of the Shoals on Jan 27, 2023.
             The game lasted 03:58:08 (49395 turns).

Monkooky the Bewitcher (Felid Conjurer)            Turns: 49395, Time: 03:58:09

Health: -9/52      AC: 16    Str:  3    XL:     14   Next: 85%
Magic:  0/30       EV: 33    Int: 29    God:    Gozag
Gold:   3650       SH:  0    Dex: 13    Spells: 3/35 levels left
                                        Lives:  0   Deaths: 4

rFire   + . .      SeeInvis +      - Unarmed
rCold   . . .      Faith    .    (shield unavailable)
rNeg    . . .      Spirit   +    (body armour unavailable)
rPois   ∞          Reflect  .    (helmet unavailable)
rElec   +          Harm     .    (cloak unavailable)
rCorr   .          Rampage  .    (gloves unavailable)
Will    +++++                    (boots unavailable)
Stlth   ++                       F - amulet of guardian spirit
HPRegen 0.28/turn                E - +6 ring of intelligence
MPRegen 0.22/turn                g - ring "Cilo" {rPois rF+ Will+++ EV+5 Dex-3}

@: storm-form, gold aura, flying
A: cleaving, insubstantial, flying, very small, (claws 1), (fangs 3), see
invisible, (speed 1), (shaggy fur 3), (stealthy paws), no weapons or thrown
items, no armour, multi-lived, (camouflage 1), frail 1
a: Blinkbolt, End Transformation, Renounce Religion, Potion Petition, Call
Merchant, Bribe Branch


You were on level 4 of the Shoals.
You worshipped Gozag.
Gozag was most pleased with you.
You were a lightning-filled tempest!
You visited 6 branches of the dungeon, and saw 27 of its levels.

You collected 9426 gold pieces.
You spent 3543 gold pieces at shops.
You paid 2233 gold pieces to Gozag.

Inventory:

Jewellery
 g - the ring "Cilo" (right paw) {rPois rF+ Will+++ EV+5 Dex-3}
   (You bought it in a shop on level 11 of the Dungeon)

   [ring of evasion]

   EV:        It affects your evasion (+5).
   Dex:       It affects your dexterity (-3).
   rF:        It protects you from fire.
   rPois:     It protects you from poison.
   Will:      It greatly increases your willpower.
 l - an amulet of regeneration
 m - a +4 ring of slaying
 p - a ring of protection from fire
 r - a ring of positive energy
 y - a ring of fire
 D - a ring of poison resistance
 E - a +6 ring of intelligence (left paw)
 F - an amulet of guardian spirit (around neck)
 J - an amulet of reflection
 M - an amulet of the acrobat
Wands
 k - a wand of iceblast (6)
 n - a wand of flame (6) (quivered)
 t - a wand of charming (19)
 G - a wand of polymorph (5)
 I - a wand of light (3)
Scrolls
 d - 4 scrolls of immolation
 e - 2 scrolls of poison
 i - 7 scrolls of teleportation
 j - 2 scrolls of vulnerability
 v - a scroll of amnesia
 B - 13 scrolls of identify
 C - 2 scrolls of blinking
 K - a scroll of fear
 L - a scroll of fog
Potions
 a - 2 potions of magic
 b - 2 potions of brilliance
 c - 2 potions of flight
 f - a potion of heal wounds
 h - 2 potions of mutation
 o - 4 potions of might
 q - 2 potions of ambrosia
 s - 3 potions of attraction
 u - 2 potions of curing
 w - 4 potions of lignification
 x - a potion of resistance
 z - 5 potions of haste
Miscellaneous
 H - a condenser vane


   Skills:
 + Level 5.3 Fighting
 - Level 10.6 Dodging
 - Level 4.0 Stealth
 + Level 4.3 Unarmed Combat
 - Level 11.0 Spellcasting
 - Level 10.7 Conjurations
 - Level 17.4 Hexes
 - Level 11.2 Translocations
 - Level 11.0 Transmutations
 - Level 10.8 Air Magic
 - Level 7.5 Poison Magic
 - Level 5.0 Evocations


You had 3 spell levels left.
You knew the following spells:

 Your Spells              Type           Power      Damage    Failure   Level
a - Magic Dart            Conj           100%       1d8       1%          1
b - Storm Form            Tmut/Air       34%        N/A       32%         7
d - Mephitic Cloud        Conj/Pois/Air  64%        N/A       1%          3
e - Iskenderun's Mystic   Conj/Tloc      68%        2d14      1%          4
g - Fulminant Prism       Conj/Hex       39%        3d17      1%          4
h - Olgreb's Toxic Radia  Pois           56%        N/A       1%          4
i - Enfeeble              Hex            43%        N/A       2%          7
u - Blink                 Tloc           100%       N/A       1%          2

Your spell library contained the following spells:

 Spells                   Type           Power      Damage    Failure   Level
 Slow                     Hex            100%       N/A       0%          1
 Confusing Touch          Hex            87%        N/A       0%          3
 Tukima's Dance           Hex            87%        N/A       0%          3
 Apportation              Tloc           100%       N/A       1%          1
 Beastly Appendage        Tmut           100%       N/A       1%          1
 Sting                    Tmut/Pois      100%       1d8       1%          1
 Cigotuvi's Dreadful Rot  Necr/Pois/Air  100%       N/A       1%          2
 Lesser Beckoning         Tloc           100%       N/A       1%          2
 Momentum Strike          Conj/Tloc      100%       3d10      1%          2
 Poisonous Vapours        Pois/Air       100%       N/A       1%          2
 Searing Ray              Conj           100%       2d8       1%          2
 Wereblood                Tmut           68%        N/A       1%          2
 Dazzling Flash           Conj/Hex       100%       N/A       1%          3
 Gell's Gravitas          Tloc           69%        N/A       1%          3
 Kindle Blastsparks       Fire/Tloc/Air  100%       2d18      1%          3
 Spider Form              Tmut/Pois      62%        N/A       1%          3
 Summon Guardian Golem    Hex/Summ       61%        N/A       1%          3
 Teleport Other           Tloc           69%        N/A       1%          3
 Necrotise                Necr           60%        1d7       3%          1
 Summon Small Mammal      Summ           60%        N/A       3%          1
 Frozen Ramparts          Ice            30%        1d5       10%         3
 Vampiric Draining        Necr           15%        2d7       10%         3
 Anguish                  Hex/Necr       30%        N/A       1%          4
 Manifold Assault         Tloc           69%        N/A       1%          4
 Alistair's Intoxication  Tmut/Pois      41%        N/A       1%          5
 Blade Hands              Tmut           34%        N/A       1%          5
 Ice Form                 Ice/Tmut       47%        N/A       3%          4
 Dispersal                Tloc           34%        N/A       5%          6
 Summon Ice Beast         Ice/Summ       15%        N/A       32%         4
 Orb of Destruction       Conj           33%        9d10      34%         7
 Statue Form              Tmut/Erth      31%        N/A       47%         6
 Starburst                Conj/Fire      23%        6d8       50%         6
 Lee's Rapid Deconstruct  Erth           7%         3d7*      67%         5
 Disjunction              Tloc           34%        N/A       92%         8
 Spellforged Servitor     Conj/Summ      23%        N/A       97%         7
 Shatter                  Erth           7%         3d10*     100%        9
 Portal Projectile        Hex/Tloc       Unusable   N/A       N/A         3

Dungeon Overview and Level Annotations

Branches:
Dungeon (14/15)            Temple (0/1) D:4            Lair (5/5) D:8
 Shoals (4/4) Lair:3       Spider (1/4) Lair:3          Orc (2/2) D:11
    Elf (1/3) Orc:2        Vaults (0/5) D:13
  Slime: Lair:4-5

Altars:
Ashenzari
Cheibriados
Elyvilon
Fedhas
Gozag
Kikubaaqudgha
Ru
Xom
Zin

Shops:
D:11 :*=*?   Orc:2 ?[[*   Shoals:4 (

Annotations:
D:4 exclusion: downstairs
D:8 exclusion: downstairs
D:10 Fannar
Lair:2 2 transporters, Figabreb's ghost, journeyman DgIE
Lair:3 3 runed translucent doors, 2 transporters, Pooter's ghost, journeyman MiBe; ryw's ghost, journeyman HuNe
Lair:4 exclusion: 2 oklob plants
Elf:1 6 runed translucent doors


Innate Abilities, Weirdness & Mutations

You are a lightning-filled tempest!
Your electrical attacks strike out in all directions at once.
You are incredibly evasive.
Your insubstantial body is immune to petrification, constriction, and being set on fire You are flying.
You are immune to poison.
((You have sharp claws.))
((You have razor-sharp teeth.))
You have supernaturally acute eyesight. (SInv)
((You cover ground quickly. (Speed+)))
((Your thick and shaggy fur keeps you warm. (AC +3, rC+)))
((Your paws help you pounce on unaware monsters.))
You are incapable of wielding weapons or throwing items.
You cannot wear armour.
You gain extra lives every three experience levels.
((Your skin changes colour to match your surroundings (Stealth+).))
You are frail. (-10% HP)


Message History

The merfolk impaler closely misses the wind drake.
The wind drake is engulfed in noxious fumes.
The wind drake appears confused.
The wind drake bites the merfolk impaler!
The merfolk javelineer throws a silver javelin.
The silver javelin closely misses you.
Casting: Olgreb's Toxic Radiance (dangerous; 1% risk of failure)
Confirm with . or Enter, or press ? or * to list all spells.
You begin to radiate toxic energy.
The merfolk javelineer looks even sicker.
The merfolk impaler looks as sick as possible!
The merfolk javelineer looks even sicker.
The merfolk impaler is distracted by your dazzling golden aura.
The merfolk javelineer throws a silver javelin.
The silver javelin completely misses you.
The merfolk javelineer looks as sick as possible!
The merfolk impaler is no longer distracted by gold.
The merfolk impaler shouts!
The merfolk impaler looks as sick as possible!
The merfolk impaler hits the wind drake with a +3 trident of distortion!
The wind drake is killed!
The merfolk impaler hits itself with a +3 trident of distortion!
The merfolk impaler is devoured by a tear in reality.
The merfolk javelineer is distracted by your dazzling golden aura.
The merfolk javelineer is no longer distracted by gold.
The merfolk javelineer shouts!
The merfolk javelineer looks as sick as possible!
You hear a screech!
The merfolk javelineer throws a silver javelin.
The silver javelin pierces through you!!
The silver sears you!
Your toxic aura wanes.
The merfolk javelineer throws a silver javelin.
The silver javelin misses you.
The merfolk javelineer throws a silver javelin.
The silver javelin pierces through you!
* * * LOW HITPOINT WARNING * * *
The silver sears you!
You die...
Your body crumbles into a pile of gold.

##~$~~~~~~~~~~~....
#####~§§~~~~~~~~~.......
..~~~~~§~~~~~............(
..~~~~~~~~~~~............
..~~~~~~~~~~~........... ..~~~~
.~~~~~~~~~~~~..........##.~~~~~~~
~~.....~~~~~~~.....##..##.~~~~~~≈
........(~~~~~~~...##.....~~~~~~~
........~~~~~~~~v....∩....~~~~~~~
.........~~~~~~~~<....##..~~~~~≈≈
.........m~~~~~~~.##..##..~~~~~≈~
.........~~~~~~~~.##......~~$~≈~~
.#.#~#.~~~~~~~~.....~....~~<~~~~
#####.~~~~~~~~~~~~~~~....~~~~~~
#~~~~~~~~~~~~~~~....~~~~~.
~~~~~~~~~~~~~~~....~~~~~~
..~~~......~~~..~~~~~~≈


You could see a merfolk javelineer (extremely poisoned).

Vanquished Creatures
  Polyphemus (Shoals:2)
  Kirke (Lair:5)
  Ilsuiw (Shoals:2)
  A tengu reaver (D:13)
  2 orc warlords
  2 elemental wellsprings (Shoals:3)
  5 merfolk impalers
  A merfolk javelineer (Shoals:2)
  A hydra (Lair:5)
  An ogre mage (D:13)
  A catoblepas (Shoals:2)
  4 centaur warriors
  4 satyrs (Shoals:3)
  2 boulder beetles
  3 two-headed ogres
  8 death yaks
  An orc high priest (Orc:2)
  Sonja (D:10)
  5 skeletal warriors (D:13)
  7 sea snakes
  A deep elf archer (D:13)
  Pikel (D:5)
  8 harpies
  A lindwurm (Lair:5)
  A deep elf zephyrmancer (D:13)
  3 deep elf pyromancers
  6 orc knights
  6 cyclopes
  4 orc sorcerers (Orc:2)
  3 wolf spiders
  5 elephants (Lair:5)
  3 ugly things
  9 fauns
  14 manticores
  2 black mambas
  7 merfolk sirens
  A torpor snail (Lair:4)
  5 water nymphs
  17 cane toads
  3 gargoyles
  4 centaur skeletons (D:13)
  An unseen horror (D:12)
  Psyche (D:9)
  2 rime drakes
  A kobold demonologist (D:10)
  5 komodo dragons
  2 tengu conjurers (D:13)
  12 merfolk
  5 polar bears
  9 trolls
  7 wind drakes
  7 hornets
  3 tarantellas (Spider:1)
  6 saltlings
  7 snapping turtles
  19 blink frogs
  A dream sheep (Lair:5)
  5 jumping spiders
  A centaur simulacrum (D:14)
  3 slime creatures (D:12)
  4 water elementals
  15 spriggans
  A shadow (D:8)
  A vampire (D:9)
  4 wyverns
  3 culicivoras
  A human (Lair:5)
  3 wraiths
  32 yaks
  11 redbacks
  6 basilisks
  3 vampire mosquitoes (D:12)
  2 steam dragons
  4 wargs
  Duvessa (D:4)
  An acid dragon (D:9)
  11 water moccasins
  2 ice beasts (D:6)
  12 black bears
  7 boggarts
  2 sky beasts (D:6)
  9 ogres
  24 orc warriors
  30 wolves
  7 centaurs
  A phantom (D:6)
  4 lemures (D:5)
  3 kobold brigands
  15 bullfrogs
  A necrophage (D:6)
  3 scorpions
  8 wights
  Dowan (D:4)
  6 killer bees (D:10)
  11 howler monkeys
  11 electric eels
  A lava snake (D:11)
  2 gnoll boudas
  2 hounds
  4 jellies
  17 orc priests
  6 hell rats
  2 iguanas
  Ijyb (D:4)
  26 orc wizards
  8 adders
  17 gnolls
  2 shadow imps (D:6)
  A white imp (D:7)
  An ufetubus (D:5)
  A worm (D:2)
  3 dart slugs
  87 orcs
  7 endoplasms
  2 giant cockroaches
  14 goblins
  4 hobgoblins
  6 jackals
  18 kobolds
  3 quokkas
  9 ball pythons
  8 bats
  4 frilled lizards
  5 rats
  6 fulminant prisms
  3 pillars of salt (Orc:2)
783 creatures vanquished.

Vanquished Creatures (collateral kills)
  An ogre (D:6)
  A bullfrog (D:6)
2 creatures vanquished.

Vanquished Creatures (others)
  3 humans (Lair:5)
  A bullfrog (D:8)
  An orc (Orc:2)
  A bush (Lair:5)
  457 fulminant prisms
  107 fungi
  9 pillars of salt (Orc:2)
  208 plants
787 creatures vanquished.

Grand Total: 1572 creatures vanquished

Notes
Turn   | Place    | Note
-------+----------+-------------------------------------------
     0 | D:1      | Monkooky the Felid Conjurer began the quest for the Orb.
     0 | D:1      | Reached XP level 1. HP: 7/7 MP: 4/4
   207 | D:1      | Reached XP level 2. HP: 11/11 MP: 1/6
   265 | D:1      | Learned a level 2 spell: Searing Ray
   933 | D:1      | Reached XP level 3. HP: 14/14 MP: 4/7
  1772 | D:2      | Learned a level 2 spell: Momentum Strike
  1869 | D:2      | Reached skill level 1 in Translocations
  2083 | D:3      | Reached XP level 4. HP: 18/18 MP: 2/8
  2359 | D:3      | Learned a level 2 spell: Blink
  2450 | D:3      | Noticed a scorpion
  2485 | D:3      | Found a glowing silver altar of Zin.
  2557 | D:3      | Reached XP level 5. HP: 21/21 MP: 4/9
  2999 | D:3      | Found an opulent altar of Gozag.
  3152 | D:3      | Became a worshipper of Gozag Ym Sagoz the Greedy
  3466 | D:4      | Reached skill level 5 in Translocations
  3693 | D:4      | Found a staircase to the Ecumenical Temple.
  3975 | D:4      | Gained mutation: You are covered in thick fur. (AC +2)
                  | [Felid growth]
  3975 | D:4      | Reached XP level 6. HP: 24/24 MP: 5/11
  4294 | D:4      | Noticed Dowan
  4429 | D:4      | Noticed Ijyb
  4444 | D:4      | Killed Ijyb
  4595 | D:4      | Noticed Duvessa
  4890 | D:5      | Entered Level 5 of the Dungeon
  5102 | D:5      | Learned a level 4 spell: Iskenderun's Mystic Blast
  5638 | D:5      | Noticed Pikel
  5843 | D:5      | Reached XP level 7. HP: 27/27 MP: 3/13
  6293 | D:4      | Killed Dowan
  6603 | D:6      | Reached skill level 5 in Conjurations
  6909 | D:6      | Reached XP level 8. HP: 24/31 MP: 0/15
  7061 | D:4      | Demolished by Duvessa
  7062 | D:4      | Reached XP level 7. HP: -14/22 MP: 3/14
  7649 | D:6      | Reached skill level 5 in Spellcasting
  7685 | D:6      | Learned a level 3 spell: Teleport Other
  7840 | D:6      | Reached XP level 8. HP: 13/31 MP: 2/16
  8142 | D:6      | Found a white marble altar of Elyvilon.
  8164 | D:6      | Reached skill level 10 in Translocations
  8329 | D:7      | Found an ancient bone altar of Kikubaaqudgha.
  8330 | D:7      | Found a sacrificial altar of Ru.
  8332 | D:7      | Found a snail-covered altar of Cheibriados.
  9229 | D:7      | Reached XP level 9. HP: 30/34 MP: 6/19
  9449 | D:7      | Found a shimmering altar of Xom.
  9450 | D:7      | Found a blossoming altar of Fedhas.
  9455 | D:7      | Learned a level 3 spell: Mephitic Cloud
  9460 | D:7      | Learned a level 4 spell: Fulminant Prism
  9594 | D:7      | Reached skill level 1 in Hexes
  9655 | D:7      | Reached skill level 2 in Hexes
  9660 | D:7      | Reached skill level 3 in Hexes
  9837 | D:4      | Killed Duvessa
  9838 | D:4      | Reached skill level 4 in Hexes
 10118 | D:5      | Killed Pikel
 10119 | D:5      | Reached skill level 7 in Hexes
 10386 | D:8      | Reached skill level 8 in Hexes
 10581 | D:8      | Reached skill level 9 in Hexes
 10588 | D:8      | Reached XP level 10. HP: 37/37 MP: 2/21
 10777 | D:8      | Reached skill level 10 in Hexes
 10968 | D:8      | Found a staircase to the Lair.
 10997 | D:8      | Reached skill level 11 in Hexes
 11378 | D:8      | Found a broken altar of Ashenzari.
 11403 | D:8      | Identified the +2 flail of Eqig {spect, +Blink rN+}
 11424 | D:8      | Reached skill level 12 in Hexes
 12076 | D:9      | Reached skill level 13 in Hexes
 12180 | D:9      | Reached skill level 1 in Fighting
 12393 | D:9      | Noticed Psyche
 12402 | D:9      | Killed Psyche
 13027 | D:9      | Reached skill level 5 in Dodging
 13241 | D:10     | Entered Level 10 of the Dungeon
 13865 | D:10     | Reached skill level 1 in Air Magic
 13865 | D:10     | Reached skill level 1 in Poison Magic
 13865 | D:10     | Reached XP level 11. HP: 45/45 MP: 5/22
 14311 | D:10     | Noticed Sonja
 14330 | D:10     | Noticed Fannar
 14331 | D:10     | Mangled by Sonja
 14332 | D:10     | Reached XP level 10. HP: -7/42 MP: 1/22
 14388 | Lair:1   | Entered Level 1 of the Lair of Beasts
 14393 | Lair:1   | Noticed a cane toad
 14404 | Lair:1   | Killed a cane toad
 14525 | D:8      | Upgraded the game from 0.30-a0-622-gddc90eaa04 to
                  | 0.30-a0-639-g3916f1956a
 14698 | Lair:1   | Noticed a cane toad
 14702 | Lair:1   | Killed a cane toad
 15303 | Lair:1   | Learned a level 4 spell: Olgreb's Toxic Radiance
 15849 | Lair:1   | Noticed a cane toad
 15859 | Lair:1   | Killed a cane toad
 16115 | Lair:2   | Reached XP level 11. HP: 45/45 MP: 13/24
 16269 | D:10     | Killed Sonja
 16447 | D:10     | Reached skill level 5 in Poison Magic
 16770 | D:11     | Found Xulogg's Book Shoppe.
 16925 | D:11     | Found Istaviki's Jewellery Shop.
 16933 | D:11     | Bought the ring "Cilo" {rPois rF+ Will+++ EV+5 Dex-3} for
                  | 1062 gold pieces
 16938 | D:11     | Found Nadaodum's Assorted Antiques.
 16961 | D:11     | Noticed a two-headed ogre
 16973 | D:11     | Found Kyosank's Magic Scroll Shoppe.
 17003 | D:11     | Killed a two-headed ogre
 17146 | D:11     | Found Plog's General Store.
 17376 | D:11     | Found a staircase to the Orcish Mines.
 17742 | D:11     | Noticed a red ugly thing
 17777 | D:11     | Killed a red ugly thing
 17995 | Orc:1    | Entered Level 1 of the Orcish Mines
 17995 | Orc:1    | Noticed an orc warlord
 18013 | Orc:1    | Killed an orc warlord
 19036 | Orc:1    | You fall into a shaft and drop 1 floor!
 19036 | Orc:2    | Entered Level 2 of the Orcish Mines
 19044 | Orc:2    | Noticed an orc knight
 19131 | Orc:2    | Noticed an orc warlord
 19242 | Orc:1    | Reached skill level 5 in Air Magic
 19580 | Lair:1   | Upgraded the game from 0.30-a0-639-g3916f1956a to
                  | 0.30-a0-652-gcc886f7154
 20100 | Lair:2   | Noticed Figabreb's ghost (journeyman DgIE)
 20578 | Lair:2   | Gained mutation: Your thick and shaggy fur keeps you warm.
                  | (AC +3, rC+) [Felid growth]
 20578 | Lair:2   | Reached XP level 12. HP: 49/49 MP: 2/25
 20734 | Lair:2   | Found a transporter.
 20736 | Lair:2   | Found a transporter.
 21943 | Lair:3   | Found a hole to the Spider Nest.
 22417 | Lair:3   | Reached skill level 10 in Spellcasting
 22609 | Lair:3   | Found a staircase to the Shoals.
 22691 | Lair:3   | Found a runed translucent gate.
 22692 | Lair:3   | Found a runed translucent gate.
 22693 | Lair:3   | Found a runed translucent gate.
 22695 | Lair:3   | Noticed Pooter's ghost (journeyman MiBe)
 22701 | Lair:3   | Noticed ryw's ghost (journeyman HuNe)
 22743 | Lair:3   | Found a transporter.
 22834 | Lair:3   | Found a transporter.
 23987 | Lair:4   | Reached skill level 1 in Evocations
 24131 | Lair:4   | You fall into a shaft and drop 1 floor!
 24131 | Lair:5   | Entered Level 5 of the Lair of Beasts
 24792 | Lair:3   | Upgraded the game from 0.30-a0-652-gcc886f7154 to
                  | 0.30-a0-691-g754fce4c43
 24792 | Lair:3   | Upgraded the game from 0.30-a0-691-g754fce4c43 to
                  | 0.30-a0-696-g2367cd04db
 25152 | Lair:4   | Reached skill level 5 in Evocations
 25735 | Lair:5   | Noticed a five-headed hydra
 26026 | Lair:5   | Reached XP level 13. HP: 53/54 MP: 20/28
 26872 | Lair:5   | Noticed Kirke
 26895 | Lair:5   | Killed Kirke
 26896 | Lair:5   | Reached skill level 14 in Hexes
 28212 | Lair:5   | Reached skill level 10 in Conjurations
 28212 | Lair:5   | Reached skill level 15 in Hexes
 29329 | Lair:5   | Reached skill level 16 in Hexes
 30193 | D:11     | Bought a runed granite ring for 175 gold pieces
 30204 | D:11     | Bought a +6 ring of intelligence for 504 gold pieces
 31693 | D:13     | Reached XP level 14. HP: 57/57 MP: 24/29
 33146 | Orc:2    | Killed by an exploding orc wizard... ignited by their inner
                  | flame
 33147 | Orc:2    | Reached XP level 13. HP: -12/54 MP: 0/28
 33160 | Orc:2    | Reached skill level 10 in Air Magic
 33611 | Orc:2    | Found a staircase to the Elven Halls.
 33754 | Orc:2    | Killed an orc warlord
 34485 | Orc:1    | Learned a level 7 spell: Enfeeble
 35129 | Orc:2    | Found Vuoth's Assorted Antiques.
 35135 | Orc:2    | Bought a copper wand for 136 gold pieces
 35135 | Orc:2    | Bought a condenser vane for 1360 gold pieces
 35135 | Orc:2    | Bought a fluorescent wand for 136 gold pieces
 35135 | Orc:2    | Bought a runed amethyst amulet for 170 gold pieces
 35149 | Orc:2    | Found Imocyp's Magic Scroll Shoppe.
 35151 | Orc:2    | Found Taerill's Armour Shoppe.
 35513 | Orc:2    | Found Tilutoc's Antique Armour Shoppe.
 35521 | Orc:2    | Upgraded the game from 0.30-a0-696-g2367cd04db to
                  | 0.30-a0-711-gf4ac18a38d
 35568 | Orc:2    | Reached skill level 10 in Dodging
 36149 | D:13     | Upgraded the game from 0.30-a0-711-gf4ac18a38d to
                  | 0.30-a0-719-gcc4359ea44
 36784 | D:13     | Found a gate to the Vaults.
 37042 | D:13     | Reached XP level 14. HP: 57/57 MP: 15/29
 37133 | D:13     | Noticed a tengu reaver
 37163 | D:13     | Got the Tome of the Cure and Geomancy
 37537 | D:13     | Killed a tengu reaver
 37765 | D:13     | Found the +0 staff of Battle
 37947 | D:14     | Found a blossoming altar of Fedhas.
 38465 | D:14     | Reached skill level 17 in Hexes
 39068 | D:14     | Identified the +7 rapier "Soab" {freeze, rC+}
 39863 | Shoals:1 | Entered Level 1 of the Shoals
 40028 | Shoals:1 | Reached skill level 1 in Transmutations
 41373 | Shoals:2 | Noticed Polyphemus
 41536 | Shoals:2 | Reached skill level 5 in Transmutations
 42018 | Shoals:2 | Shot with a sling bullet by a faun
 42019 | Shoals:2 | Reached XP level 13. HP: -7/54 MP: 0/28
 42428 | Elf:1    | Entered Level 1 of the Elven Halls
 42428 | Elf:1    | Noticed a deep elf annihilator
 42428 | Elf:1    | Noticed a deep elf sorcerer
 42428 | Elf:1    | Found a runed translucent gate.
 42428 | Elf:1    | Found a runed translucent gate.
 42428 | Elf:1    | Found a runed translucent gate.
 42428 | Elf:1    | Found a runed translucent gate.
 42428 | Elf:1    | Found a runed translucent gate.
 42428 | Elf:1    | Found a runed translucent gate.
 42613 | Spider:1 | Entered Level 1 of the Spider Nest
 43058 | Lair:3   | Learned a level 7 spell: Storm Form
 43210 | Shoals:2 | Killed a merfolk impaler
 43749 | Shoals:2 | Reached XP level 14. HP: 57/57 MP: 4/29
 44070 | Shoals:2 | Killed Polyphemus
 44071 | Shoals:2 | Reached skill level 10 in Transmutations
 44691 | Shoals:2 | Noticed Ilsuiw
 44906 | Shoals:2 | Killed Ilsuiw
 45573 | Shoals:2 | Gained mutation: Your body sometimes deteriorates upon
                  | taking damage. [mutagenic glow]
 46554 | Shoals:2 | Lost mutation: Your body sometimes deteriorates upon taking
                  | damage. [potion of mutation]
 46554 | Shoals:2 | Gained mutation: You are frail. (-10% HP) [potion of
                  | mutation]
 47524 | Shoals:2 | Gained mutation: Your skin changes colour to match your
                  | surroundings (Stealth+). [mutagenic glow]
 48101 | Shoals:3 | Reached skill level 1 in Unarmed Combat
 49279 | Shoals:4 | Entered Level 4 of the Shoals
 49287 | Shoals:4 | Found Lixtus Cao's Antique Weapon Emporium.
 49300 | Shoals:4 | Reached skill level 5 in Fighting
 49395 | Shoals:4 | Hit by a silver javelin thrown by a merfolk javelineer

Illustrated notes

Levels and vault maps discovered:
D:1:      beargit_arrival_greenhouse, layout_rooms
D:2:      layout_basic
D:3:      layout_loops_ring, pdpol_temple_overflow_zin_treasury_gozag_greed
D:4:      kennysheep_goblin_castle, layout_loops_ring,
          minmay_temple_entry_trees, uniq_duvessa
D:5:      layout_basic, st_stairs_7, uniq_pikel
D:6:      layout_rooms, elyvilon_altar_3, wad_rectangle_vault
D:7:      layout_loops_cross, grunt_temple_overflow_open, grunt_ministairs_8
D:8:      layout_gridville, mainiacjoe_overflow_boulevard,
          due_lair_maze_entry_diamond
D:9:      layout_roguey, uniq_psyche
D:10:     layout_gridville, uniq_sonja, uniq_fannar
D:11:     layout_loops_cross, david_orc_2, serial_shops, shop_fountains, shop,
          nicolae_inconvenience_store, shop, nicolae_stop_n_shop_2,
          kennysheep_generic_room_15
D:12:     layout_loops_ring, hex_tiny
D:13:     layout_basic, hangedman_vaults_entry_quadrant_bands,
          hellmonk_guarded_unrand_staff_of_battle
D:14:     layout_long_grid, fedhas_altar_2
Lair:1:   layout_roguey, infiniplex_staircase_pool
Lair:2:   layout_roguey, gammafunk_ghost_hive, serial_bayou_shore_b,
          infiniplex_staircase_pool_2, serial_bayou_shore_b,
          serial_bayou_shore_b, serial_bayou_shore_b
Lair:3:   gammafunk_cloud_chamber, layout_big_grid, minmay_shoals_entry_beasts,
          nicolae_spider_entry_tight_spaces, gammafunk_ghost_cemetery,
          forest_entry_grove
Lair:4:   layout_misc_corridors, minmay_slime_entry_oklob_enclosed,
          serial_bayou, serial_bayou_pond_e, serial_bayou_pond_b,
          serial_bayou_pond_e, serial_bayou_shore_a
Lair:5:   minmay_lair_end_enchanted_forest, layout_regular_city,
          dreamdust_deal_with_the_devil, grunt_forest_stairs_basic,
          st_stairs_13, serial_bayou_lagoon_b, uniq_kirke
Shoals:1: layout_shoals
Shoals:2: layout_shoals, uniq_polyphemus, uniq_ilsuiw
Shoals:3: layout_shoals, nicolae_shoals_spring_well_temple
Shoals:4: shoals_end_grunt_ice, layout_shoals, serial_shops, nicolae_square_shop
Spider:1: layout_spider_delve, uniq_josephine
Orc:1:    minmay_goldmine, layout_caves
Orc:2:    hellmonk_orc_salted, layout_caves, gauntlet_entry_generic
Elf:1:    nicolae_elf_arrival_dilemma, layout_onion_city, serial_shops, shop,
          minivault_28

Skill      XL: |  1  2  3  4  5  6  7  8  9 10 11 12 13 14 |
---------------+-------------------------------------------+-----
Conjurations   | 4 7 8 10 | 10.7
Translocations | 2 3 5 7 8 11 | 11.2
Spellcasting   | 3 5 6 7 8 10 11 | 11.0
Hexes          | 9 13 16 17 | 17.4
Fighting       | 3 4 5 |  5.3
Dodging        | 6 7 8 10 | 10.6
Air Magic      | 4 6 10 9 | 10.8
Poison Magic   | 4 7 |  7.5
Stealth        | 4 |  4.0
Evocations     | 5 |  5.0
Transmutations | 9 11 | 11.0
Unarmed Combat | 4 |  4.3

Action                     |  1- 3 |  4- 6 |  7- 9 | 10-12 | 13-15 || total
---------------------------+-------+-------+-------+-------+-------++-------
  Melee: Unarmed           |       |     3 |    10 |    27 |   124 ||   164
         Bite              |       |       |     1 |     5 |     7 ||    13
         Punch             |       |       |       |       |     1 ||     1
   Cast: Magic Dart        |    78 |    59 |   104 |    16 |     2 ||   259
         Searing Ray       |     8 |    13 |    29 |     7 |     1 ||    58
         Momentum Strike   |       |    18 |    25 |    33 |    19 ||    95
         Blink             |       |     1 |    12 |    37 |    23 ||    73
         Iskenderun's Myst |       |       |    10 |    21 |    58 ||    89
         Teleport Other    |       |       |     1 |       |       ||     1
         Fulminant Prism   |       |       |    18 |   188 |   257 ||   463
         Mephitic Cloud    |       |       |     2 |    23 |    11 ||    36
         Olgreb's Toxic Ra |       |       |       |   114 |   253 ||   367
         Enfeeble          |       |       |       |       |    30 ||    30
         Storm Form        |       |       |       |       |    27 ||    27
 Invoke: Potion Petition   |       |       |       |       |     7 ||     7
Ability: Blinkbolt         |       |       |       |       |    12 ||    12
  Evoke: Wand              |       |     2 |     4 |    18 |    57 ||    81
         Condenser vane    |       |       |       |       |     2 ||     2
    Use: Scroll            |       |     9 |     5 |    12 |     9 ||    35
         Potion            |       |       |     3 |     4 |     8 ||    15
   Stab: Invisible         |       |       |       |       |     2 ||     2
         Sleeping          |       |       |       |       |     1 ||     1
 Armour: Skin              |       |     1 |     4 |     4 |    33 ||    42
  Dodge: Dodged            |     5 |    20 |    66 |   149 |   671 ||   911

Table legend: (Time is in decaauts)
 A = Elapsed time spent in this place.
 B = Non-inter-level travel time spent in this place.
 C = Inter-level travel time spent in this place.
 D = Time resting spent in this place.
 E = Time spent auto-exploring this place.
 F = Levels seen in this place.
 G = Mean time per level.
                   A        B        C        D        E       F      G
               +--------+--------+--------+--------+--------+-----+--------+
         Total |  45657 |  43547 |   2110 |  17361 |  18486 |  27 | 1691.0 |
       Dungeon |  21632 |  20370 |   1262 |   6167 |  10993 |  14 | 1545.1 |
          Lair |  12311 |  11838 |    473 |   4711 |   5031 |   5 | 2462.2 |
        Shoals |   8142 |   7918 |    224 |   5006 |   1263 |   4 | 2035.5 |
   Spider Nest |     20 |     20 |      0 |      0 |      0 |   1 |   20.0 |
  Orcish Mines |   3548 |   3400 |    148 |   1476 |   1198 |   2 | 1774.0 |
   Elven Halls |      2 |      2 |      0 |      0 |      0 |   1 |    2.0 |
               +--------+--------+--------+--------+--------+-----+--------+

Top non-repeatable levels by time:
Shoals:1: 3678 daAuts
Shoals:2: 3248 daAuts
    D:13: 3247 daAuts
  Lair:5: 3021 daAuts
  Lair:3: 2812 daAuts
  Lair:4: 2745 daAuts
  Lair:1: 1974 daAuts
   Orc:1: 1892 daAuts
    D:12: 1875 daAuts
     D:8: 1815 daAuts
    D:11: 1787 daAuts
  Lair:2: 1758 daAuts
     D:4: 1715 daAuts
   Orc:2: 1656 daAuts
     D:5: 1632 daAuts
